 Dungeon Crawl Stone Soup version 0.28-a0-101-g18048e5a82 (webtiles) character file.

Game seed: 5062784220966616050

1 ipx the Skirmisher (level 1, 0/18 HPs)
             Began as a Demonspawn Monk on Aug 10, 2021.
             Slain by a jackal (3 damage)
             ... on level 1 of the Dungeon.
             The game lasted 00:01:14 (62 turns).

ipx the Skirmisher (Demonspawn Monk)                  Turns: 62, Time: 00:01:14

Health: 0/18       AC:  2    Str: 11    XL:     1   Next: 16%
Magic:  1/1        EV: 12    Int: 11    God:
Gold:   7          SH:  0    Dex: 15    Spells: 0/0 levels left

rFire   . . .      SeeInvis .   a - +0 hand axe
rCold   . . .      Faith    .   (no shield)
rNeg    . . .      Spirit   .   b - +0 robe
rPois   .          Reflect  .   (no helmet)
rElec   .          Harm     .   (no cloak)
rCorr   .          Rampage  .   (no gloves)
Will    .....                   (no boots)
Stlth   ++........              (no amulet)
HPRegen 0.06/turn               (no ring)
MPRegen 0.07/turn               (no ring)

@: no status effects
A: no striking features
a: no special abilities


You were on level 1 of the Dungeon.
You visited 1 branch of the dungeon, and saw 1 of its levels.

You collected 7 gold pieces.

Inventory:

Hand Weapons
 a - a +0 hand axe (weapon)
Missiles
 d - 6 curare-tipped darts (quivered)
Armour
 b - a +0 robe (worn)
Scrolls
 e - a scroll of blinking {unknown}
Potions
 c - a potion of curing {unknown}


   Skills:
 - Level 3.0 Fighting
 + Level 2.8 Axes
 + Level 0.0 Throwing
 - Level 2.6 Dodging
 - Level 1.7 Stealth


You couldn't memorise any spells.
You didn't know any spells.
Your spell library was empty.

Dungeon Overview and Level Annotations

Branches:
Dungeon (1/15)

Altars:


Message History

You hit the giant cockroach.
You kill the giant cockroach!
You see here a giant cockroach corpse.
Found a murky orange potion.
c - a murky orange potion You now have 7 gold pieces.
You see here 6 curare-tipped darts.
d - 6 curare-tipped darts Unknown command.
e - a scroll labelled PEN PAJAJEITTA
Found a stone staircase leading down.
A frilled lizard and a jackal come into view.
A jackal comes into view.
The frilled lizard hisses angrily.
Found a scroll labelled IDUSIKHLAHAQ.
The jackal barks! x2; You hear a shout!
You hear a bark!
A jackal comes into view.
The jackal closely misses you.
You closely miss the jackal. The jackal misses you.
The jackal closely misses you.
You closely miss the jackal. The jackal barely misses you.
You closely miss the jackal. You hit the jackal. The jackal misses you.
The jackal barely misses you. The jackal bites you. x2
You barely miss the jackal. You hit the jackal but do no damage.
The jackal misses you. The jackal bites you. x2
You hit the jackal.
The jackal is severely wounded.
You barely miss the jackal. The jackal bites you.
The jackal bites you but does no damage.
The jackal bites you.
* * * LOW HITPOINT WARNING * * *
You barely miss the jackal.
The jackal is severely wounded.
You hit the jackal.
The jackal bites you but does no damage.
The jackal bites you.
* * * LOW HITPOINT WARNING * * *
The jackal bites you.
You die...

...... .#..>. ......
##........ ## .
#...+#≈≈≈##...
..h.####.#.#.....#......#
...hl...l..≈.....≈......
..?.####h#.≈..⌠..≈..$...
. #@# .....#.....
###h####≈≈≈###≈≈≈###
#..h.#......#§..§§#.
#....#.....§§..⌠..≈.
#.#....#.....§§..<.§≈.
#......#......#.....#.
#.#...........##≈≈≈#'.
#.#......######.§..... .
#.....†#####....§...


You could see 3 jackals and a frilled lizard.

Vanquished Creatures
  A giant cockroach (D:1)
1 creature vanquished.

Notes
Turn   | Place    | Note
-------+----------+-------------------------------------------
     0 | D:1      | ipx the Demonspawn Monk began the quest for the Orb.
     0 | D:1      | Reached XP level 1. HP: 18/18 MP: 1/1
    62 | D:1      | Slain by a jackal

Illustrated notes

Levels and vault maps discovered:
D:1:      dpeg_arrival_rooms_with_view, layout_rooms,
          hellmonk_ecumenical_altar_heavens_door

Action                   || total
-------------------------++-------
Melee: Hand axe          ||    11
Armor: Robe              ||     5
Dodge: Dodged            ||    10

Table legend: (Time is in decaauts)
 A = Elapsed time spent in this place.
 B = Non-inter-level travel time spent in this place.
 C = Inter-level travel time spent in this place.
 D = Time resting spent in this place.
 E = Time spent auto-exploring this place.
 F = Levels seen in this place.
 G = Mean time per level.
                   A        B        C        D        E       F      G
               +--------+--------+--------+--------+--------+-----+--------+
         Total |     63 |     63 |      0 |      0 |      0 |   1 |   63.0 |
       Dungeon |     63 |     63 |      0 |      0 |      0 |   1 |   63.0 |
               +--------+--------+--------+--------+--------+-----+--------+

Top non-repeatable levels by time:
     D:1: 63 daAuts
